 Dungeon Crawl Stone Soup version 0.25.0-1-g7eea58d (webtiles) character file.

Game seed: 13151861084792020512

17 lyrin the Chiller (level 2, 0/17 HPs)
             Began as a Halfling Ice Elementalist on June 27, 2020.
             Slain by an adder (4 damage)
             ... on level 1 of the Dungeon.
             The game lasted 00:02:12 (1877 turns).

lyrin the Chiller (Halfling Ice Elementalist)       Turns: 1877, Time: 00:02:13

Health: 0/17       AC:  2    Str: 11    XL:     2   Next: 80%
Magic:  0/4        EV: 15    Int: 15    God:
Gold:   70         SH:  0    Dex: 14    Spells: 3/4 levels left

rFire    . . .     SeeInvis .   b - +0 dagger (curse)
rCold    . . .     Gourm    .   (shield restricted)
rNeg     . . .     Faith    .   a - +0 robe
rPois    .         Spirit   .   (no helmet)
rElec    .         Reflect  .   (no cloak)
rCorr    .         Harm     .   (no gloves)
MR       .....                  (no boots)
Stlth    ++........             (no amulet)
HPRegen  0.05/turn              (no ring)
MPRegen  0.09/turn              (no ring)

@: brilliant, lethally poisoned (0 -> -8), stab
A: small, clever 1, mutation resistance 1, strong 1
a: no special abilities


You were on level 1 of the Dungeon.
You were not hungry.

You visited 1 branch of the dungeon, and saw 2 of its levels.

You collected 70 gold pieces.

Inventory:

Hand Weapons
 b - a cursed +0 dagger (weapon)
 i - a +0 hunting sling
Missiles
 d - 50 sling bullets
 e - 31 stones (quivered)
Armour
 a - a +0 robe (worn)
Jewellery
 h - an uncursed amulet of magic regeneration {unknown}
Scrolls
 j - a scroll of noise {unknown}
 o - a scroll of remove curse {unknown}
Potions
 m - a potion of haste {unknown}
 n - a potion of degeneration {unknown}
Comestibles
 c - 5 rations


   Skills:
 + Level 0.8 Short Blades
 + Level 2.4 Dodging
 - Level 2.1 Stealth
 + Level 1.8 Spellcasting
 + Level 4.2 Ice Magic


You had 3 spell levels left.
You knew the following spells:

 Your Spells              Type           Power        Failure   Level  Hunger
a - Freeze                Ice            ###.         4%          1    None

Your spell library contained the following spells:

 Spells                   Type           Power        Failure   Level  Hunger
 Frozen Ramparts          Ice            ###...       12%         3    None
 Ozocubu's Armour         Chrm/Ice       ##......     28%         3    None
 Hailstorm                Conj/Ice       ##......     67%         4    None
 Summon Ice Beast         Ice/Summ       ##......     67%         4    None


Dungeon Overview and Level Annotations

Branches:
Dungeon (2/15)

Altars:


Innate Abilities, Weirdness & Mutations

You are small and have problems with some larger weapons.
You are somewhat resistant to further mutation.
Your mind is acute. (Int +2)
Your muscles are strong. (Str +2)


Message History

You feel sick.
Casting: Freeze (safe; 4% risk of failure)
Confirm with . or Enter, or press ? or * to list all spells.
Aiming: Freeze (safe; 4% risk of failure)
Press: ? - help, Shift-Dir - straight line, f - adder
Aim: an adder (heavily wounded)
You freeze the adder.
The adder is severely wounded.
The adder seems to slow down.
The adder bites you but does no damage.
It was a potion of mutation.
You feel extremely strange.
You feel stronger.
You feel clever. The adder closely misses you.
It was a potion of brilliance.
You feel clever all of a sudden.
* * * LOW HITPOINT WARNING * * *
You feel sick. The adder closely misses you.
It was a potion of stabbing.
You feel ready to backstab.
The adder is no longer moving slowly.
The adder bites you.
You die...

#...### ##.....##
#.#...######.......##
#.........#.........##
##...>)...'......>..'.
#.#...##.#.........##
#.##.###.##.......##
#.##.###.###.....####
#...S................
####@#######...####..
#.# #..##..##. #.#
#####..#....#.
##.###..)...#..#...
#......###..##.##..
#..###.# #...#..###
#..###.###.........
#..........#.#####.
#.####.#####.# ##


You could see an adder.

Vanquished Creatures
  A dart slug (D:1)
  3 bats (D:1)
  A giant cockroach (D:1)
  A goblin (D:1)
  2 hobgoblins (D:1)
  A kobold (D:1)
  A ball python (D:2)
  A frilled lizard (D:1)
  5 rats
16 creatures vanquished.

Notes
Turn   | Place    | Note
-------+----------+-------------------------------------------
     0 | D:1      | lyrin the Halfling Ice Elementalist began the quest for the
                  | Orb.
     0 | D:1      | Reached XP level 1. HP: 11/11 MP: 3/3
   325 | D:1      | Reached XP level 2. HP: 15/17 MP: 1/4
  1875 | D:1      | Gained mutation: Your muscles are strong. (Str +2) [potion
                  | of mutation]
  1875 | D:1      | Gained mutation: Your mind is acute. (Int +2) [potion of
                  | mutation]
  1877 | D:1      | Slain by an adder

Illustrated notes

Levels and vault maps discovered:
D:1:      lightli_arrival_boilingwater, layout_loops_corners,
          minmay_close_crescents
D:2:      layout_basic

Action                   || total
-------------------------++-------
Melee: Dagger            ||    50
 Cast: Freeze            ||    17
  Use: Potion            ||     3
 Stab: Sleeping          ||     4
  Eat: Chunk             ||     3
Armor: Robe              ||    10
Dodge: Dodged            ||    40
